 Dungeon Crawl Stone Soup version 0.26-a0-958-gf3041fb45f (webtiles) character file.

Game seed: 11100001552966400954

830 stormannnn the Skirmisher (level 7, 0/62 HPs)
             Began as a Minotaur Fighter on Nov 30, 2020.
             Was a Follower of Okawaru.
             Slain by Pikel
             ... wielding a +2 whip of flaming
              (7 damage)
             ... on level 5 of the Dungeon.
             The game lasted 00:04:46 (4256 turns).

stormannnn the Skirmisher (Minotaur Fighter)        Turns: 4256, Time: 00:04:46

Health: 0/62       AC:  8    Str: 25    XL:     7   Next: 65%
Magic:  6/6        EV:  8    Int: 11    God:    Okawaru [*.....]
Gold:   169        SH: 10    Dex: 10    Spells: 6/6 levels left

rFire    . . .     SeeInvis .   n - +5 falchion of Makhleb's Benevolence {flame, rPois Str+3}
rCold    . . .     Faith    .   c - +0 kite shield
rNeg     . . .     Spirit   .   b - +0 scale mail
rPois    +         Reflect  .   (helmet restricted)
rElec    .         Harm     .   s - +0 cloak
rCorr    .         Rampage  .   (no gloves)
MR       .....                  (no boots)
Stlth    ..........             (no amulet)
HPRegen  0.20/turn              (no ring)
MPRegen  0.10/turn              o - +6 ring of intelligence

@: no status effects
A: retaliatory headbutt, horns 2
a: Heroism, Renounce Religion


You were on level 5 of the Dungeon.
You worshipped Okawaru.
Okawaru was aware of your devotion.
You visited 2 branches of the dungeon, and saw 6 of its levels.

You collected 169 gold pieces.

Inventory:

Hand Weapons
 a - a +0 war axe
 n - the +5 falchion of Makhleb's Benevolence (weapon) {flame, rPois Str+3}
   (You found it on level 4 of the Dungeon)

   It has been specially enchanted to burn those struck by it, causing extra
   injury to most foes and up to half again as much damage against particularly
   susceptible opponents.
   Big, fiery blades are also staple armaments of hydra-hunters.
   It affects your strength (+3).
   It protects you from poison.
Armour
 b - a +0 scale mail (worn)
 c - a +0 kite shield (worn)
 s - a +0 cloak (worn)
Jewellery
 o - a +6 ring of intelligence (right hand)
 x - an uncursed ring of poison resistance {unknown}
 y - an uncursed ring of ice {unknown}
Wands
 p - a wand of polymorph (19)
 u - a wand of iceblast (8)
Scrolls
 e - a scroll of remove curse
 f - 2 scrolls of immolation {unknown}
 i - 2 scrolls of magic mapping {unknown}
 j - 4 scrolls of identify {unknown}
 k - a scroll of enchant weapon {unknown}
 m - 2 scrolls of enchant armour {unknown}
 t - a scroll of fog {unknown}
 w - a scroll of random uselessness {unknown}
Potions
 d - 2 potions of might
 g - 3 potions of curing
 h - a potion of degeneration {unknown}
 l - 2 potions of heal wounds {unknown}
 q - 2 potions of brilliance {unknown}
 r - a potion of magic {unknown}
 v - a potion of mutation {unknown}


   Skills:
 + Level 5.9 Fighting
 * Level 3.5 Long Blades
 - Level 5.8 Axes
 + Level 5.8 Armour
 + Level 5.8 Shields


You had 6 spell levels left.
You didn't know any spells.
Your spell library was empty.

Dungeon Overview and Level Annotations

Branches:
Dungeon (5/15)             Temple (1/1) D:4

Altars:
Ashenzari
Cheibriados
Elyvilon
Fedhas
Gozag
Hepliaklqana
Kikubaaqudgha
Makhleb
Nemelex Xobeh
Okawaru
Qazlal
Ru
Sif Muna
Trog
Uskayaw
Vehumet
Wu Jian
Xom
Yredelemnul
Zin
The Shining One

Annotations:
D:5 Pikel


Innate Abilities, Weirdness & Mutations

You reflexively headbutt those who attack you in melee.
You have a pair of horns on your head.


Message History

The lemure hits you but does no damage. Menkaure hits you.
* * * LOW HITPOINT WARNING * * *
You hit Menkaure. You burn Menkaure.
Menkaure is severely damaged.
Pikel hits you but does no damage. Menkaure hits you!
* * * LOW HITPOINT WARNING * * *
You block the lemure's attack.
You feel better. Pikel hits you but does no damage. Menkaure hits you.
* * * LOW HITPOINT WARNING * * *
The lemure hits you.
* * * LOW HITPOINT WARNING * * *
You block the orc's attack.
A leopard gecko comes into view.
Okay, then.
The leopard gecko hisses angrily.
You slash Menkaure! You burn Menkaure.
You destroy Menkaure!
Okawaru accepts your kill.
Pikel hits you with a +2 whip of flaming!
You die...

...#.#†.#.######
..<....##.##
...##..##..##
...###..##..# ...
........#### #
####.......##
##.#.##..#######l
#.....†.Ko......
###.##..@.......
#.##...5$.....
#.##..........
..............
#.##.......... #
#.$.....?..
#.....?....
###########


You could see Pikel, a lemure, an orc and a leopard gecko.

Vanquished Creatures
  Grinder (D:3)
  Eustachio (D:4)
  Menkaure (D:5)
  3 lemures (D:5)
  A hound (D:5)
  Crazy Yiuf (D:3)
  An orc priest (D:3)
  2 orc wizards
  Ijyb (D:4)
  Natasha (twice) (D:3)
  A worker ant (D:5)
  A hound skeleton (D:4)
  Robin (D:3)
  3 gnolls (D:4)
  7 adders
  A white imp (D:5)
  An ooze (D:3)
  2 adder skeletons (D:4)
  3 worms
  4 dart slugs
  3 leopard geckos
  11 orcs
  3 ball pythons
  6 giant cockroaches
  19 goblins
  3 hobgoblins
  7 jackals
  8 kobolds
  3 quokkas
  3 bats
  2 frilled lizards (D:1)
  A rat (D:2)
107 creatures vanquished.

Vanquished Creatures (others)
  An orc wizard (D:4)
  A ball python (D:4)
  A jackal (D:4)
3 creatures vanquished.

Grand Total: 110 creatures vanquished

Notes
Turn   | Place    | Note
-------+----------+-------------------------------------------
     0 | D:1      | stormannnn the Minotaur Fighter began the quest for the
                  | Orb.
     0 | D:1      | Reached XP level 1. HP: 19/19 MP: 0/0
   112 | D:1      | Reached XP level 2. HP: 21/27 MP: 1/1
   627 | D:1      | Reached XP level 3. HP: 33/33 MP: 2/2
   963 | D:2      | Found a radiant altar of Vehumet.
   963 | D:2      | Found a blossoming altar of Fedhas.
   963 | D:2      | Found a shimmering altar of Xom.
   963 | D:2      | Found a sparkling altar of Nemelex Xobeh.
  1101 | D:2      | Found a broken altar of Ashenzari.
  1754 | D:3      | Reached XP level 4. HP: 40/40 MP: 3/3
  1910 | D:3      | Noticed Grinder
  1913 | D:3      | Paralysed by Grinder for 5 turns
  1923 | D:3      | Killed Grinder
  1924 | D:3      | Reached skill level 5 in Axes
  1924 | D:3      | Reached XP level 5. HP: 28/47 MP: 4/4
  1924 | D:3      | Reached XP level 6. HP: 33/55 MP: 5/5
  1941 | D:3      | Noticed Robin
  1943 | D:3      | Killed Robin
  2070 | D:3      | Reached skill level 5 in Fighting
  2229 | D:3      | Reached skill level 5 in Armour
  2229 | D:3      | Reached skill level 5 in Shields
  2592 | D:3      | Noticed Natasha
  2605 | D:3      | Killed Natasha
  2865 | D:3      | Noticed Natasha
  2879 | D:3      | Killed Natasha
  3054 | D:3      | Found a runed translucent door.
  3055 | D:3      | Noticed Crazy Yiuf
  3108 | D:3      | Killed Crazy Yiuf
  3194 | D:4      | Found a staircase to the Ecumenical Temple.
  3220 | D:4      | Got a fine falchion
  3221 | D:4      | Identified the +5 falchion of Makhleb's Benevolence {flame,
                  | rPois Str+3} (You found it on level 4 of the Dungeon)
  3243 | Temple   | Entered the Ecumenical Temple
  3442 | Temple   | Became a worshipper of Warmaster Okawaru
  3501 | D:4      | Noticed Ijyb
  3506 | D:4      | Killed Ijyb
  3591 | D:4      | Noticed Eustachio
  3617 | D:4      | Killed Eustachio
  3618 | D:4      | Reached XP level 7. HP: 48/61 MP: 6/6
  3796 | D:4      | Found a shimmering altar of Xom.
  3811 | D:4      | Noticed an air elemental
  3813 | D:4      | Found a stormy altar of Qazlal.
  3814 | D:4      | Noticed a water elemental
  3814 | D:4      | Noticed a fire elemental
  4037 | D:5      | Entered Level 5 of the Dungeon
  4050 | D:5      | Reached * piety under Okawaru
  4148 | D:5      | Found a basalt altar of Yredelemnul.
  4151 | D:5      | Found a hide-covered altar of Uskayaw.
  4152 | D:5      | Found a glowing golden altar of the Shining One.
  4152 | D:5      | Found a hazy altar of Hepliaklqana.
  4153 | D:5      | Found a shimmering blue altar of Sif Muna.
  4195 | D:5      | Noticed Pikel
  4247 | D:5      | Noticed Menkaure
  4254 | D:5      | HP: 2/62 [Menkaure (9)]
  4256 | D:5      | Killed Menkaure
  4256 | D:5      | Slain by Pikel

Illustrated notes

Levels and vault maps discovered:
D:1:      matt_arrival_grand_opening, layout_loops_ring,
          hangedman_decor_clover_reticule, st_stairs_6
D:2:      layout_loops_ring, chequers_temple_overflow_statue_of_worship,
          chequers_serial_rivers_micro_c, nicolae_ashenzari_panopticon
D:3:      layout_loops_ring, minivault_4, minmay_misc_feat_five, uniq_grinder,
          uniq_crazy_yiuf_cottage, uniq_robin, uniq_natasha
D:4:      layout_rooms, nicolae_qazlal_style_of_elements,
          minmay_temple_entry_mist, corexii_item_surrounded_by_moat,
          minmay_fountain_box, xom_confusion_cloud, uniq_ijyb, uniq_eustachio
D:5:      layout_rooms, grunt_temple_overflow_open, corexii_shack,
          uniq_menkaure, uniq_pikel, uniq_prince_ribbit1
Temple:   minmay_temple_curvy_loop

Skill      XL: |  1  2  3  4  5  6  7 |
---------------+----------------------+-----
Axes           | 3 5 |  5.8
Fighting       | 4 5 |  5.9
Armour         | 4 5 |  5.8
Shields        | 4 5 |  5.8
Long Blades    | 2 3 |  3.5

Action                   |  1- 3 |  4- 6 |  7- 9 || total
-------------------------+-------+-------+-------++-------
Melee: War axe           |    97 |   117 |       ||   214
       Headbutt          |    10 |    14 |    11 ||    35
       Falchion          |       |    24 |    51 ||    75
  Use: Scroll            |       |     1 |       ||     1
       Potion            |       |       |     1 ||     1
Armor: Scale mail        |    45 |    35 |    13 ||    93
Dodge: Dodged            |    28 |    35 |    24 ||    87
Block: Kite shield       |    54 |    77 |    30 ||   161
       Rpst.: Falchion   |       |       |     9 ||     9

Table legend: (Time is in decaauts)
 A = Elapsed time spent in this place.
 B = Non-inter-level travel time spent in this place.
 C = Inter-level travel time spent in this place.
 D = Time resting spent in this place.
 E = Time spent auto-exploring this place.
 F = Levels seen in this place.
 G = Mean time per level.
                   A        B        C        D        E       F      G
               +--------+--------+--------+--------+--------+-----+--------+
         Total |   4360 |   4202 |    158 |    577 |   2910 |   6 |  726.7 |
       Dungeon |   4142 |   4014 |    128 |    577 |   2725 |   5 |  828.4 |
        Temple |    217 |    187 |     30 |      0 |    185 |   1 |  217.0 |
               +--------+--------+--------+--------+--------+-----+--------+

Top non-repeatable levels by time:
     D:3: 1544 daAuts
     D:1: 878 daAuts
     D:2: 822 daAuts
     D:4: 671 daAuts
     D:5: 225 daAuts
  Temple: 217 daAuts
